 Dungeon Crawl Stone Soup version 0.32-a0-931-g5a2cda0630 (webtiles) character file.

Game seed: 16155737237499338706

5 Biggs the Shield-Bearer (level 1, 22/22 HPs)
             Began as a Troll Fighter on Apr 14, 2024.
             Was a Follower of Sif Muna.
             Quit the game on level 1 of the Dungeon.
             The game lasted 00:01:01 (125 turns).

Biggs the Shield-Bearer (Troll Fighter)              Turns: 125, Time: 00:01:02

Health: 22/22      AC:  4    Str: 23    XL:     1   Next: 66%
Magic:  0/0        EV:  7    Int:  4    God:    Sif Muna [*.....]
Gold:   0          SH:  7    Dex:  9    Spells: 0/0 levels left

rFire   . .          .
                       - Unarmed
rCold   . . .        b - +0 kite shield
rNeg    . . .        a - +0 robe
rPois   .            (helmet restricted)
rElec   .            (no cloak)
rCorr   .            (gloves unavailable)
SInv    .            (boots unavailable)
Will    .....        (no amulet)
Stlth   +            (no ring)
HPRegen 1.03/turn    (no ring)
MPRegen 0.07/turn

%: no passive effects
@: no status effects
A: large, unfitting armour, claws 3, regeneration 1, shaggy fur 1, tough skin 1
a: Renounce Religion, Channel Magic


You were on level 1 of the Dungeon.
You worshipped Sif Muna.
Sif Muna was aware of your devotion.
You visited 1 branch of the dungeon, and saw 1 of its levels.

Inventory:

Armour
 a - a +0 robe (worn)
 b - a +0 kite shield (worn)
Potions
 c - a potion of might


   Skills:
 - Level 2.4 Fighting
 - Level 2.4 Dodging
 - Level 2.6 Shields
 + Level 2.5 Unarmed Combat


You couldn't memorise any spells.
You didn't know any spells.
Your spell library was empty.

Dungeon Overview and Level Annotations

Branches:
Dungeon (1/15)

Altars:
Sif Muna


Innate Abilities, Weirdness & Mutations

You are too large for most types of armour.
You have claws for hands.
Your natural rate of healing is unusually fast.
You are covered in fur. (AC +1)
You have tough skin. (AC +1)


Message History

There is an open door here.
A frilled lizard comes into view.
The frilled lizard hisses angrily.
The frilled lizard hisses.
The frilled lizard closely misses you.
You closely miss the frilled lizard.
The frilled lizard bites you but does no damage.
You scratch the frilled lizard but do no damage.
The frilled lizard barely misses you.
You claw the frilled lizard!
You kill the frilled lizard!
You see here a frilled lizard corpse.
You open the door.
There is an open door here.
A quokka comes into view.
Found a stone staircase leading down.
The quokka bites you.
Found a faded altar of an unknown god.
You miss the quokka. You block the quokka's attack.
You scratch the quokka but do no damage.
The quokka bites you.
The quokka bites you but does no damage.
You claw the quokka!
You kill the quokka!
You see here a quokka corpse.
A goblin comes into view. It is wielding a +0 dagger.
The goblin shouts!
There is a stone staircase leading down here.
You claw the goblin!
You kill the goblin!
Things that are here:
a +0 dagger; a goblin corpse
Found a ring mail.
There is a faded altar of an unknown god here.
This altar belongs to (a) Sif Muna, (b) Yredelemnul or (c) Jiyva, but you can't tell which.
Press the corresponding letter to learn more about a god, or press enter to convert or escape to cancel.
Sif Muna accepts your prayer! Sif Muna welcomes you!
You can now call upon Sif Muna for magical energy.
Unknown command.
Press < or > to pray at altars.
Are you sure you want to abandon this character and quit the game? (Confirm with "yes".)

'....'...'...#
############## .#
## #. #. #.# .###
#..# #.# ...##
...###...#
..##... ###....#
## #.....####
#....###
##[.#........ #
...###
#..#....ß.#####.#
####
.......@........
.# .
.##.....ß.......
## #..
###......###.#
####... #####..#
#.# .....#
#.....# #.# #
..#### ###
#.#...# #.#.# ..+
..#
#.#...###.#.#.#
..#########.#
#.#...........#
.........##.#
#....†.##)#.###


There were no monsters in sight!

Vanquished Creatures
  A bat (D:1)
  A goblin (D:1)
  A quokka (D:1)
  A frilled lizard (D:1)
  A kobold (D:1)
5 creatures vanquished.

Notes
Turn   | Place    | Note
-------+----------+-------------------------------------------
     0 | D:1      | Biggs the Troll Fighter began the quest for the Orb.
     0 | D:1      | Reached XP level 1. HP: 22/22 MP: 0/0
   100 | D:1      | Found a faded altar of an unknown god.
   124 | D:1      | Prayed at the altar of an unknown god.
   124 | D:1      | Became a worshipper of Sif Muna the Loreminder
   124 | D:1      | Reached * piety under Sif Muna
   125 | D:1      | Quit the game

Illustrated notes

Levels and vault maps discovered:
D:1:      arrival_zaba_pyramid, layout_basic,
          dreamdust_ecumenical_altar_statues, nicolae_shop_vocational

Action                     || total
---------------------------++-------
  Melee: Unarmed           ||    11
 Armour: Robe              ||    12
  Dodge: Dodged            ||    14
  Block: Kite shield       ||    10

Table legend: (Time is in decaauts)
 A = Elapsed time spent in this place.
 B = Non-inter-level travel time spent in this place.
 C = Inter-level travel time spent in this place.
 D = Time resting spent in this place.
 E = Time spent auto-exploring this place.
 F = Levels seen in this place.
 G = Mean time per level.
                   A        B        C        D        E       F      G
               +--------+--------+--------+--------+--------+-----+--------+
         Total |    126 |    126 |      0 |      0 |      0 |   1 |  126.0 |
       Dungeon |    126 |    126 |      0 |      0 |      0 |   1 |  126.0 |
               +--------+--------+--------+--------+--------+-----+--------+

Top non-repeatable levels by time:
     D:1: 126 daAuts
